 Dungeon Crawl Stone Soup version 0.27-a0-1557-g57f10a385c (webtiles) character file.

Game seed: 7181252848658490751

15531 Sin92 the Fighter (level 12, -24/99 HPs)
             Began as a Demonspawn Fighter on July 15, 2021.
             Was a Priest of Okawaru.
             Killed by the air
             ... invoked by Gastronok
              (30 damage)
             ... on level 2 of the Lair of Beasts.
             The game lasted 00:16:46 (14128 turns).

Sin92 the Fighter (Demonspawn Fighter)             Turns: 14128, Time: 00:16:48

Health: -24/99     AC: 17    Str: 23    XL:     12   Next: 2%
Magic:  15/15      EV: 12    Int:  9    God:    Okawaru [***...]
Gold:   578        SH: 12    Dex: 12    Spells: 11/11 levels left

rFire    . . .     SeeInvis .   F - +2 whip (flame)
rCold    . . .     Faith    .   c - +1 kite shield
rNeg     . . .     Spirit   .   H - +1 swamp dragon scales
rPois    +         Reflect  .   (helmet restricted)
rElec    .         Harm     .   t - +0 cloak
rCorr    .         Rampage  .   p - +2 pair of gloves
Will     +....                  (no boots)
Stlth    +.........             (no amulet)
HPRegen  0.26/turn              (no ring)
MPRegen  0.14/turn              (no ring)

@: no status effects
A: antennae 2, rugged brown scales 2, ignite blood 2, demonic magic 1, demonic
willpower
a: Renounce Religion, Heroism


You were on level 2 of the Lair of Beasts.
You worshipped Okawaru.
Okawaru was most pleased with you.
You visited 3 branches of the dungeon, and saw 12 of its levels.
You also visited: Sewer and Ossuary.

You collected 578 gold pieces.

Inventory:

Hand Weapons
 a - a +1 war axe
 u - a +4 vampiric broad axe
 F - a +2 whip of flaming (weapon)
Missiles
 w - 4 curare-tipped darts (quivered)
 z - a throwing net
Armour
 b - a +0 scale mail
 c - a +1 kite shield (worn)
 p - a +2 pair of gloves (worn)
 t - a +0 cloak (worn)
 H - +1 swamp dragon scales (worn)
Jewellery
 g - an amulet of reflection
 q - a +6 ring of intelligence
 y - a ring of protection from fire
 K - a ring of resist corrosion
Wands
 n - a wand of mindburst (24)
 o - a wand of flame (15)
 v - a wand of paralysis (8)
 x - a wand of iceblast (10)
Scrolls
 i - 2 scrolls of silence
 s - 4 scrolls of teleportation
 A - 2 scrolls of amnesia
 C - 3 scrolls of magic mapping
 D - a scroll of fear
 G - a scroll of blinking
 J - a scroll of identify
Potions
 d - 3 potions of berserk rage
 e - 2 potions of haste
 f - 2 potions of curing
 h - 3 potions of degeneration
 j - a potion of mutation
 k - a potion of magic
 l - 2 potions of heal wounds
 m - a potion of flight
 r - 4 potions of lignification
 B - 5 potions of ambrosia
 E - a potion of brilliance
 I - a potion of cancellation


   Skills:
 + Level 9.1 Fighting
 * Level 8.8 Axes
 + Level 8.3 Armour
 + Level 7.8 Dodging
 + Level 8.3 Shields
 + Level 4.6 Invocations


You had 11 spell levels left.
You didn't know any spells.
Your spell library contained the following spells:

 Spells                   Type           Power      Damage    Failure   Level
 Blink                    Tloc           N/A        N/A       91%         2
 Poisonous Vapours        Pois/Air       0%         N/A       91%         2
 Static Discharge         Conj/Air       0%         N/A       91%         2
 Lesser Beckoning         Tloc           0%         N/A       99%         3
 Mephitic Cloud           Conj/Pois/Air  0%         N/A       99%         3
 Ozocubu's Armour         Ice            0%         N/A       99%         3
 Dispel Undead            Necr           0%         3d6       100%        4
 Sticky Flame             Conj/Fire      0%         2d3       100%        4
 Blade Hands              Tmut           0%         N/A       100%        5
 Freezing Cloud           Conj/Ice/Air   0%         6-21      100%        5
 Irradiate                Conj/Tmut      0%         3d13      100%        5
 Manifold Assault         Tloc           0%         N/A       100%        5
 Metabolic Englaciation   Hex/Ice        0%         N/A       100%        5
 Simulacrum               Ice/Necr       0%         N/A       100%        6
 Dragon Form              Tmut           0%         N/A       100%        7
 Storm Form               Tmut/Air       0%         N/A       100%        7


Dungeon Overview and Level Annotations

Branches:
Dungeon (9/15)             Temple (1/1) D:5            Lair (2/6) D:8
    Orc (0/2) D:9           Sewer (visited)         Ossuary (visited)
  Swamp: Lair:2-4    Shoals: Lair:2-4     Snake: Lair:2-4    Spider: Lair:2-4

Altars:
Elyvilon
Hepliaklqana
Kikubaaqudgha
Makhleb
Nemelex Xobeh
Okawaru
Qazlal
Sif Muna
Vehumet
Yredelemnul

Shops:
D:3 !   D:5 [

Annotations:
Lair:1 1 runed translucent door
Lair:2 Gastronok


Innate Abilities, Weirdness & Mutations

You have a pair of antennae on your head.
You are mostly covered in rugged brown scales. (AC +2, +5% HP)
Your demonic aura often causes spilled blood to erupt in flames.
Spells you cast may paralyse adjacent enemies.
You punish those that try to bend your will. (Will+)


Message History

The eight-headed hydra bites you.
A yak comes into view.
The yak moves out of view.
Okay, then.
The eight-headed hydra is engulfed in blazing flames.
The eight-headed hydra is engulfed in blazing flames.
You feel the dreadful sensation subside.
Your +2 whip of flaming bursts into flame!
F - a +2 whip of flaming (weapon)
You hit the eight-headed hydra. You burn the eight-headed hydra.
The eight-headed hydra is moderately wounded.
The eight-headed hydra is engulfed in blazing flames.
The eight-headed hydra bites you.
You block the eight-headed hydra's attack.
The eight-headed hydra bites you! The eight-headed hydra bites you. x3
The eight-headed hydra bites you but does no damage.
The eight-headed hydra bites you!
* * * LOW HITPOINT WARNING * * *
You barely miss the eight-headed hydra.
The eight-headed hydra is heavily wounded.
The eight-headed hydra is engulfed in blazing flames.
The eight-headed hydra bites you.
* * * LOW HITPOINT WARNING * * *
The eight-headed hydra bites you but does no damage.
The eight-headed hydra completely misses you.
The eight-headed hydra bites you but does no damage.
The eight-headed hydra bites you.
* * * LOW HITPOINT WARNING * * *
The eight-headed hydra barely misses you.
The eight-headed hydra bites you!
* * * LOW HITPOINT WARNING * * *
You block the eight-headed hydra's attack.
Blink to where?
Press: ? - help, Dir - move target
As you read the scroll of blinking, it crumbles to dust.
The eight-headed hydra is engulfed in blazing flames.
A yak comes into view.
Gastronok waves his eye-stalks in wide circles.
The air twists around and strikes you!!
You die...

.. #.###.# .Y... . .....
Y... ### #.### #
##..{###○############
.#.#..w##P#○#.##.#.#.##.
..........D.............
.......YY.D..........^.[
........................
.......@......P.........
........................
.............P..........
.............#..........
.............##.........
.............P#.........
.##...#.#######.####.#.#
##.#### ## #####


You could see Gastronok, an eight-headed hydra, a six-headed hydra and 3 yaks.

Vanquished Creatures
  A centaur warrior (D:8)
  A two-headed ogre (D:8)
  A death yak (Lair:1)
  Pikel (D:7)
  2 black mambas (Lair:2)
  Maurice (D:8)
  Maggie (D:8)
  3 cane toads (Lair:1)
  2 komodo dragons
  A polar bear (Lair:2)
  A queen bee (Lair:1)
  2 wraiths
  2 basilisks
  A wyvern (Lair:1)
  A steam dragon (D:8)
  23 yaks
  3 water moccasins
  A sky beast (D:8)
  2 orc warriors
  3 ice beasts
  2 black bears (D:5)
  A centaur (D:8)
  17 wolves
  2 kobold brigands (Sewer)
  A phantom (D:5)
  8 bullfrogs
  A gnoll sergeant (D:8)
  A wyvern zombie (D:4)
  15 wights
  19 killer bees (Lair:1)
  A howler monkey (D:7)
  4 centaur zombies
  4 hounds
  Crazy Yiuf (D:4)
  A bullfrog skeleton (D:4)
  An orc priest (D:9)
  2 gnoll shamans
  2 jellies
  A scorpion zombie (D:5)
  3 iguanas
  6 orc wizards
  12 mummies (Ossuary)
  12 gnolls
  A howler monkey skeleton (D:4)
  11 adders
  6 river rats
  2 shadow imps (D:8)
  A white imp (D:6)
  2 ufetubi
  4 worms (D:3)
  A dart slug (D:4)
  24 orcs
  3 bats
  9 endoplasms
  4 giant cockroaches
  10 goblins
  5 hobgoblins
  14 jackals
  A quokka (D:4)
  10 ball pythons
  7 frilled lizards
  5 gnoll skeletons (Ossuary)
  A goblin skeleton (Ossuary)
  11 kobolds
  A kobold skeleton (Ossuary)
  An orc skeleton (Ossuary)
  10 rats
  11 rat skeletons (Ossuary)
325 creatures vanquished.

Vanquished Creatures (others)
  3 fungi
  A plant (Lair:1)
  6 toadstools (Lair:1)
10 creatures vanquished.

Grand Total: 335 creatures vanquished

Notes
Turn   | Place    | Note
-------+----------+-------------------------------------------
     0 | D:1      | Sin92 the Demonspawn Fighter began the quest for the Orb.
     0 | D:1      | Reached XP level 1. HP: 18/18 MP: 1/1
   232 | D:1      | Gained mutation: Your demonic aura sometimes causes spilled
                  | blood to erupt in flames. [demonic ancestry]
   232 | D:1      | Reached XP level 2. HP: 24/24 MP: 2/2
   625 | D:1      | Found a faded altar of an unknown god.
  1011 | D:2      | Gained mutation: You are partially covered in rugged brown
                  | scales. (AC +1, +3% HP) [demonic ancestry]
  1011 | D:2      | Reached XP level 3. HP: 13/29 MP: 3/3
  1279 | D:2      | Reached skill level 1 in Dodging
  1613 | D:2      | Gained mutation: You have a pair of small antennae on your
                  | head. [demonic ancestry]
  1613 | D:2      | Reached XP level 4. HP: 36/36 MP: 4/4
  2082 | D:3      | Found Unisusaf's Distillery.
  2170 | D:3      | Found a glowing drain.
  2197 | Sewer    | Entered a sewer
  2411 | Sewer    | Gained mutation: You are mostly covered in rugged brown
                  | scales. (AC +2, +5% HP) [demonic ancestry]
  2411 | Sewer    | Reached XP level 5. HP: 38/44 MP: 5/5
  3275 | Sewer    | Reached skill level 4 in Fighting
  3283 | Sewer    | Reached XP level 6. HP: 19/50 MP: 6/6
  4243 | D:4      | Gained mutation: Spells you cast may paralyse adjacent
                  | enemies. [demonic ancestry]
  4243 | D:4      | Reached XP level 7. HP: 31/57 MP: 7/7
  5201 | D:4      | Found a runed translucent door.
  5202 | D:4      | Noticed Crazy Yiuf
  5214 | D:4      | Killed Crazy Yiuf
  5389 | D:5      | Entered Level 5 of the Dungeon
  5389 | D:5      | Found Lyopueptoy's Antique Armour Shop.
  5650 | D:5      | Reached skill level 5 in Fighting
  5821 | D:5      | Gained mutation: Your demonic aura often causes spilled
                  | blood to erupt in flames. [demonic ancestry]
  5821 | D:5      | Reached XP level 8. HP: 65/65 MP: 8/8
  6066 | D:5      | Found a staircase to the Ecumenical Temple.
  6551 | D:6      | Found a burning altar of Makhleb.
  6709 | D:6      | Reached skill level 5 in Armour
  6709 | D:6      | Reached skill level 5 in Shields
  7308 | D:7      | Reached skill level 5 in Axes
  7323 | D:7      | Reached skill level 6 in Fighting
  7323 | D:7      | Gained mutation: You punish those that try to bend your
                  | will. (Will+) [demonic ancestry]
  7323 | D:7      | Reached XP level 9. HP: 36/72 MP: 9/9
  7352 | D:7      | Found a sand-covered staircase.
  7359 | Ossuary  | Entered an ossuary
  7961 | Ossuary  | Reached skill level 5 in Dodging
  8432 | D:7      | Noticed Pikel
  8436 | D:7      | Killed Pikel
  9142 | D:7      | Identified a scroll of acquirement
  9142 | D:7      | Acquired a +1 vampiric broad axe
  9201 | D:8      | Reached skill level 7 in Fighting
  9329 | D:8      | Reached XP level 10. HP: 82/82 MP: 10/10
  9355 | D:8      | Noticed a centaur warrior
  9355 | D:8      | Noticed a two-headed ogre
  9406 | D:8      | Identified the +0 ring mail of Puastrie {Fly}
  9421 | D:8      | Killed a centaur warrior
  9427 | D:8      | Killed a two-headed ogre
 10282 | D:8      | Found a staircase to the Lair.
 10537 | D:8      | Noticed Maggie
 10550 | D:8      | Killed Maggie
 10551 | D:8      | Reached skill level 8 in Fighting
 10738 | D:8      | Noticed Maurice
 10749 | D:8      | Killed Maurice
 11381 | D:9      | Reached XP level 11. HP: 90/90 MP: 11/11
 11611 | D:9      | Found a staircase to the Orcish Mines.
 11893 | Temple   | Entered the Ecumenical Temple
 11921 | Temple   | Became a worshipper of Warmaster Okawaru
 12092 | Lair:1   | Entered Level 1 of the Lair of Beasts
 12264 | Lair:1   | Reached skill level 1 in Invocations
 12334 | Lair:1   | Reached * piety under Okawaru
 12868 | Lair:1   | Noticed a dire elephant
 12868 | Lair:1   | Noticed a dire elephant
 12868 | Lair:1   | Noticed a death yak
 12873 | Lair:1   | Killed a death yak
 12901 | Lair:1   | Found a runed translucent door.
 13021 | Lair:1   | Reached ** piety under Okawaru
 13497 | Lair:1   | Reached *** piety under Okawaru
 13500 | Lair:1   | Reached skill level 9 in Fighting
 13985 | Lair:2   | Gained mutation: You have a pair of antennae on your head.
                  | [demonic ancestry]
 13985 | Lair:2   | Reached XP level 12. HP: 92/99 MP: 15/15
 14117 | Lair:2   | Noticed an eight-headed hydra
 14118 | Lair:2   | Noticed a six-headed hydra
 14119 | Lair:2   | Noticed Gastronok
 14128 | Lair:2   | Killed from afar by Gastronok

Illustrated notes

Levels and vault maps discovered:
D:1:      roderic_chinese_lattice_arrival, layout_basic,
          shapermc_ecumenical_altar_totnotflames
D:2:      layout_rooms
D:3:      layout_basic, serial_shops, shop, lightli_sewer_entry_pipes
D:4:      layout_cave_pods, uniq_crazy_yiuf_cottage
D:5:      layout_cave_pools, lemuel_temple_firewalk_a, serial_shops,
          nicolae_stop_n_shop_2
D:6:      layout_cave_pools, mainiacjoe_overflow_tiny_flanked
D:7:      layout_basic, nicolae_ossuary_entry_monument, kennysheep_donut,
          patterned_corridor, uniq_pikel
D:8:      layout_basic, lair_entry_dummy, hangedman_decor_points,
          grunt_potential, uniq_maurice, uniq_maggie
D:9:      layout_loops_ring, orc_0_dummy, minivault_25
Temple:   compressed_dpeg_circular_temple
Lair:1:   gammafunk_lair_enchanted_lake, layout_small_grid, special_room
          [special_room_bee]
Lair:2:   layout_roguey, uniq_gastronok

Skill      XL: |  1  2  3  4  5  6  7  8  9 10 11 |
---------------+----------------------------------+-----
Axes           | 2 3 4 5 6 7 8 |  8.8
Armour         | 3 4 5 6 7 8 |  8.3
Shields        | 3 4 5 6 7 8 |  8.3
Dodging        | 1 2 3 4 5 6 7 |  7.8
Fighting       | 4 5 6 7 8 9 |  9.1
Invocations    | 4 |  4.6

Action                   |  1- 3 |  4- 6 |  7- 9 | 10-12 || total
-------------------------+-------+-------+-------+-------++-------
Melee: War axe           |    97 |   288 |   356 |       ||   741
       Broad axe         |       |       |    14 |   342 ||   356
       Whip              |       |       |       |     2 ||     2
  Use: Potion            |     1 |     2 |     5 |     3 ||    11
       Scroll            |       |     8 |    19 |     2 ||    29
 Stab: Invisible         |       |       |       |     2 ||     2
       Distracted        |       |       |       |     1 ||     1
Armor: Scale mail        |    67 |   121 |   146 |    52 ||   386
       Swamp dragon scal |       |       |       |   165 ||   165
Dodge: Dodged            |    55 |    87 |   139 |   281 ||   562
Block: Kite shield       |    67 |   173 |   217 |   353 ||   810

Table legend: (Time is in decaauts)
 A = Elapsed time spent in this place.
 B = Non-inter-level travel time spent in this place.
 C = Inter-level travel time spent in this place.
 D = Time resting spent in this place.
 E = Time spent auto-exploring this place.
 F = Levels seen in this place.
 G = Mean time per level.
                   A        B        C        D        E       F      G
               +--------+--------+--------+--------+--------+-----+--------+
         Total |  14853 |  14278 |    575 |   2755 |   8664 |  14 | 1060.9 |
       Dungeon |  10230 |   9725 |    505 |   1540 |   6259 |   9 | 1136.7 |
        Temple |     44 |     29 |     15 |      0 |      0 |   1 |   44.0 |
          Lair |   2153 |   2100 |     53 |    141 |   1546 |   2 | 1076.5 |
         Sewer |   1437 |   1437 |      0 |    739 |    423 |   1 | 1437.0 |
       Ossuary |    987 |    987 |      0 |    335 |    435 |   1 |  987.0 |
               +--------+--------+--------+--------+--------+-----+--------+

Top non-repeatable levels by time:
     D:8: 1862 daAuts
  Lair:1: 1837 daAuts
     D:4: 1560 daAuts
   Sewer: 1437 daAuts
     D:6: 1142 daAuts
     D:1: 1136 daAuts
     D:7: 1092 daAuts
 Ossuary: 987 daAuts
     D:3: 985 daAuts
     D:9: 865 daAuts
     D:2: 860 daAuts
     D:5: 726 daAuts
  Lair:2: 315 daAuts
  Temple: 44 daAuts
